 Dungeon Crawl Stone Soup version 0.29-a0-824-gd827844252 (webtiles) character file.

Game seed: 9281450895665874926

125414 dolemite99 the Warrior (level 16, -5/243 HPs)
             Began as a Green Draconian Monk on July 7, 2022.
             Was a Priest of Zin.
             Shot with an arrow by a salamander (10 damage)
             ... on level 2 of the Snake Pit on July 9, 2022.
             The game lasted 01:15:23 (42591 turns).

dolemite99 the Warrior (Green Draconian Monk)      Turns: 42591, Time: 01:15:23

Health: -5/243     AC: 21    Str: 18    XL:     16   Next: 41%
Magic:  13/27      EV: 16    Int: 12    God:    Zin [***...]
Gold:   261        SH: 11    Dex: 16    Spells: 5/15 levels left

rFire   . . .      SeeInvis .     - Unarmed
rCold   . . .      Faith    .   J - +0 kite shield
rNeg    . . .      Spirit   .   (body armour unavailable)
rPois   +          Reflect  .   B - +2 hat
rElec   .          Harm     .   I - +0 cloak
rCorr   .          Rampage  .   S - +2 pair of gloves {infuse}
Will    +....                   p - +1 pair of boots
Stlth   ..........              Q - amulet of magic regeneration
HPRegen 0.50/turn               g - ring of wizardry
MPRegen 0.60/turn               t - +4 ring of protection {=R}

@: mighty, berserking, weakened, on recite cooldown, studying Fighting, very
quick
A: breathe noxious fumes, AC +9, unfitting armour, stinger 1, poison resistance,
cold-blooded
a: Breathe Noxious Fumes, Renounce Religion, Recite, Vitalisation, Imprison,
Donate Gold


You were on level 2 of the Snake Pit.
You worshipped Zin.
Zin was most pleased with you.
You visited 5 branches of the dungeon, and saw 26 of its levels.
You also visited: Bailey.

You collected 2284 gold pieces.
You spent 1025 gold pieces at shops.
You donated 998 gold pieces to Zin.

Inventory:

Hand Weapons
 a - the +5 hand crossbow "Soppiulo" {venom, rF+ Dex+4}
   (You acquired it on level 4 of the Lair of Beasts)

   Any ammunition fired from it poisons the flesh of those it strikes.
   Dex:       It affects your dexterity (+4).
   rF:        It protects you from fire.
 K - the +6 dagger of Bread {vorpal, rF+}
   (You took it off a spriggan on level 6 of the Lair of Beasts)

   It inflicts extra damage upon your enemies.
   rF:        It protects you from fire.
Missiles
 r - 6 javelins
 y - 179 stones
 C - 9 boomerangs
 D - 4 atropa-tipped darts
 G - 53 poisoned darts (quivered)
 H - 5 curare-tipped darts
 L - a silver javelin
 P - a throwing net
Armour
 p - a +1 pair of boots (worn)
 B - a +2 hat (worn)
 I - a +0 cloak (worn)
 J - a +0 kite shield (worn)
 S - a +2 pair of gloves of infusion (worn)
Jewellery
 f - a +6 ring of dexterity
 g - a ring of wizardry (left hand)
 i - a ring of protection from cold
 q - a ring of fire
 t - a +4 ring of protection (right hand) {=R}
 O - a +4 ring of protection
 Q - an amulet of magic regeneration (around neck)
 R - a ring of wizardry
 T - a ring of resist corrosion
Wands
 e - a wand of iceblast (5)
 k - a wand of charming (5)
 o - a wand of flame (38)
Scrolls
 d - 2 scrolls of poison
 s - a scroll of enchant armour
 v - a scroll of teleportation
 w - a scroll of amnesia
 E - 7 scrolls of identify {@r1}
 U - a scroll of enchant weapon
 W - a scroll of magic mapping
 X - 2 scrolls of brand weapon
 Y - a scroll of vulnerability
 Z - a scroll of fog
Potions
 b - a potion of magic
 c - a potion of berserk rage
 h - 5 potions of flight
 j - a potion of cancellation
 l - a potion of brilliance
 n - 6 potions of attraction
 z - 2 potions of ambrosia


   Skills:
 - Level 20.0 Fighting
 - Level 7.5 Ranged Weapons
 - Level 10.0 Dodging
 - Level 1.7 Stealth
 - Level 8.8 Shields
 - Level 15.3 Unarmed Combat
 + Level 2.2 Air Magic
 - Level 7.0 Poison Magic
 - Level 15.3 Invocations
 - Level 5.3 Evocations


You had 5 spell levels left.
You knew the following spells:

 Your Spells              Type           Power      Damage    Failure   Level
a - Inner Flame           Hex/Fire       0%         N/A       65%         3
b - Mephitic Cloud        Conj/Pois/Air  7%         N/A       26%         3
y - Spider Form           Tmut/Pois      8%         N/A       22%         3
z - Beastly Appendage     Tmut           0%         N/A       30%         1

Your spell library contained the following spells:

 Spells                   Type           Power      Damage    Failure   Level
 Foxfire                  Conj/Fire      0%         2x1d4     30%         1
 Slow                     Hex            0%         N/A       30%         1
 Summon Small Mammal      Summ           0%         N/A       30%         1
 Ignite Poison            Fire/Tmut/Pois 5%         N/A       34%         3
 Wereblood                Tmut           0%         N/A       41%         2
 Call Canine Familiar     Summ           0%         N/A       65%         3
 Confusing Touch          Hex            0%         N/A       65%         3
 Conjure Flame            Conj/Fire      0%         6-21      65%         3
 Summon Guardian Golem    Hex/Summ       0%         N/A       65%         3
 Vampiric Draining        Necr           0%         2d6       65%         3
 Flame Wave               Conj/Fire      0%         2d4       95%         4
 Freezing Cloud           Conj/Ice/Air   0%         6-21      99%         5
 Conjure Ball Lightning   Conj/Air       1%         3x3d6     100%        6
 Discord                  Hex            0%         N/A       100%        8
 Disjunction              Tloc           0%         N/A       100%        8


Dungeon Overview and Level Annotations

Branches:
Dungeon (15/15)            Temple (1/1) D:4            Lair (6/6) D:11
 Shoals (0/4) Lair:2        Snake (2/4) Lair:4        Slime (0/5) Lair:6
    Orc (2/2) D:11            Elf (0/3) Orc:2        Vaults (0/5) D:13
 Depths (0/4) D:15         Bailey (visited)

Altars:
Ashenzari
Cheibriados
Dithmenos
Elyvilon
Fedhas
Gozag
Hepliaklqana
Kikubaaqudgha
Makhleb
Nemelex Xobeh
Okawaru
Qazlal
Ru
Sif Muna
Trog
Uskayaw
Vehumet
Wu Jian
Xom
Yredelemnul
Zin
The Shining One
Jiyva
Lugonu

Shops:
D:7 [(   Orc:2 [*?!:([   Snake:2 !

Portals:
Abyss: Lair:6

Annotations:
D:10 4 transporters
Lair:3 exclusion: oklob plant
Snake:1 1 runed translucent door, zhov's ghost, adept DsHu


Innate Abilities, Weirdness & Mutations

You can breathe blasts of noxious fumes.
Your lurid green scales are hard. (AC +9)
You cannot fit into any form of body armour.
Your tail ends in a venomous barb.
Your system is resistant to poisons. (rPois)
You are cold-blooded and may be slowed by cold attacks.


Message History

You pummel the mana viper!!
You kill the mana viper!
A salamander comes into view. It is wielding a +0 trident.
You hit the salamander tyrant. You tail-slap the salamander tyrant.
The salamander tyrant is poisoned.
The salamander tyrant is lightly wounded.
A salamander comes into view.
The salamander tyrant hits you.
* * * LOW HITPOINT WARNING * * *
You are engulfed in flames!!
* * * LOW HITPOINT WARNING * * *
Okay, then.
Aiming: Imprison (0% risk of failure)
Press: ? - help, Dir - move target, f - salamander tyrant
Aim: a salamander tyrant (lightly wounded, poisoned)
You need more space to imprison the salamander tyrant.
The salamander tyrant attacks as you move away!
You block the salamander tyrant's attack.
You punch the salamander tyrant! You tail-slap the salamander tyrant.
The salamander tyrant looks even sicker.
The salamander tyrant is heavily wounded.
The salamander tyrant hits you but does no damage.
You pummel the salamander tyrant!!
Your tail-slap misses the salamander tyrant.
The salamander tyrant is almost dead.
You punch the salamander tyrant!
You kill the salamander tyrant!
Your Air Magic skill increases to level 2!
Activating: Recite (0% risk of failure)
Press: ? - help, Dir - look around, f - activate You clear your throat and prepare to recite. "To the devout, Zin provideth.
From the rest..."
The salamander wields a +1 shortbow of flaming.
It bursts into flame!
The salamander shoots an arrow.
The arrow hits you but does no damage.
A red film seems to cover your vision as you go berserk!
You feel yourself moving faster!
You feel mighty!
Your recitation is interrupted.
The salamander shoots an arrow.
The arrow hits you!
You die...

#.....# .....#
#.....## .....# ..
##......##.....#
...###..............#
............#.......#
....>................#
.....N................
#.....#...............
........N.@...........
.#####.............$..
##...............
#............
........#....
..#.....###...
.###.##..# #.. #.###..
.# ## ###


You could see 2 salamanders.

Vanquished Creatures
  Jorgrun (Orc:2)
  Agnes (D:15)
  An orc warlord (Orc:2)
  A stone giant (D:15)
  Azrael (D:14)
  Snorg (D:11)
  Josephine (D:11)
  5 hydras
  Erolcha (D:13)
  A salamander tyrant (Snake:2)
  A vault guard (D:13)
  4 boulder beetles
  Erica (D:10)
  2 anacondas (Snake:1)
  4 ogre magi (Orc:2)
  19 two-headed ogres
  A centaur warrior (D:11)
  3 tengu warriors
  12 death yaks
  A naga warrior (Snake:1)
  A naga sharpshooter (Snake:1)
  2 shock serpents (Snake:1)
  4 thrashing horrors (Lair:6)
  Lodul (D:11)
  A naga ritualist (Snake:1)
  An orc knight (D:15)
  A phantasmal warrior (D:15)
  2 mana vipers
  7 ugly things
  3 manticores
  3 orc sorcerers
  A salamander (shapeshifter) (D:11)
  5 salamanders
  4 cyclopes
  12 elephants
  Maurice (D:9)
  A merfolk siren (Lair:2)
  2 guardian serpents
  3 naga magi (Snake:1)
  10 black mambas
  3 smoke demons (Lair:6)
  6 cane toads
  2 gargoyles
  13 komodo dragons
  The ghost of buhh the Insei, a novice OpTm (D:5)
  2 rime drakes
  A kobold demonologist (D:11)
  2 tengu conjurers (D:14)
  3 ancient zymes (Lair:6)
  2 freezing wraiths (D:15)
  A polar bear (Lair:3)
  A large abomination (Lair:6)
  3 trolls
  Grinder (D:3)
  2 hornets
  13 slime creatures
  A tarantella (shapeshifter) (Lair:6)
  11 blink frogs (Lair:6)
  3 dream sheep (Lair:4)
  2 spriggans (Lair:6)
  2 shadows
  7 wraiths
  54 yaks
  5 basilisks
  2 hogs (D:13)
  3 steam dragons
  A fire elemental (D:14)
  2 wyverns (D:9)
  A chaos spawn (Lair:6)
  15 vampire mosquitoes
  5 nagas
  3 acid dragons
  3 wargs
  10 water moccasins
  3 hell hounds (D:14)
  18 orc warriors
  An ice beast (D:7)
  4 boggarts (D:14)
  31 ogres
  A black bear (Lair:2)
  17 wolves
  16 centaurs
  A phantom (D:11)
  5 kobold brigands
  10 bullfrogs
  5 scorpions
  2 gnoll sergeants
  4 wights (D:8)
  10 small abominations (Lair:6)
  2 troll zombies (D:11)
  10 killer bees
  10 howler monkeys
  An electric eel (Lair:5)
  4 jellies
  8 orc priests
  Crazy Yiuf (D:3)
  6 hounds
  A gnoll bouda (D:6)
  An iguana (D:6)
  13 orc wizards
  12 hell rats (Lair:2)
  6 ogre zombies (D:11)
  20 gnolls
  9 adders
  9 river rats (Lair:2)
  A shadow imp (D:7)
  2 white imps (D:6)
  An ufetubus (D:5)
  2 worms
  2 dart slugs
  55 orcs
  8 ball pythons
  17 endoplasms
  3 giant cockroaches
  9 goblins
  11 hobgoblins
  45 kobolds
  12 quokkas
  13 bats
  7 frilled lizards
  3 goblin skeletons (D:11)
  A goblin zombie (D:11)
  2 hobgoblin skeletons (D:11)
  4 hobgoblin zombies (D:11)
  3 orc skeletons (D:11)
  7 orc zombies (D:11)
  14 rats
  A butterfly (Lair:3)
777 creatures vanquished.

Vanquished Creatures (collateral kills)
  A naga mage (Snake:1)
  A cane toad (Lair:4)
  4 dream sheep (Lair:4)
  2 nagas (Snake:1)
  An orc warrior (Bailey)
  2 centaurs (Bailey)
  An orc priest (Orc:2)
  A goblin zombie (D:11)
  An orc zombie (D:11)
14 creatures vanquished.

Vanquished Creatures (others)
  Rupert (D:12)
  Kirke (D:13)
  A death knight (D:15)
  A tengu warrior (D:14)
  A shock serpent (Snake:1)
  An ugly thing (D:15)
  2 black mambas
  A smoke demon (Lair:6)
  A blink frog (Lair:6)
  A shadow (D:11)
  4 yaks
  4 humans (D:13)
  A basilisk (Lair:6)
  An orc warrior (Orc:2)
  A boggart (D:14)
  A kobold brigand (D:10)
  2 orc priests
  A gnoll bouda (D:7)
  2 gnolls
  2 orcs
  A hobgoblin skeleton (D:11)
  2 orc zombies (D:11)
  52 fungi
  42 plants
  11 toadstools (D:4)
138 creatures vanquished.

Grand Total: 929 creatures vanquished

Notes
Turn   | Place    | Note
-------+----------+-------------------------------------------
     0 | D:1      | dolemite99 the Draconian Monk began the quest for the Orb.
     0 | D:1      | Reached XP level 1. HP: 19/19 MP: 1/1
   306 | D:1      | Reached XP level 2. HP: 26/26 MP: 2/2
   517 | D:1      | Found a faded altar of an unknown god.
   633 | D:1      | Prayed at the altar of an unknown god.
   633 | D:1      | Became a worshipper of Elyvilon the Healer
   633 | D:1      | Reached * piety under Elyvilon
   633 | D:1      | Reached ** piety under Elyvilon
   949 | D:1      | Reached *** piety under Elyvilon
  1131 | D:2      | Reached XP level 3. HP: 27/31 MP: 3/3
  1240 | D:2      | Reached skill level 1 in Invocations
  1784 | D:2      | Reached XP level 4. HP: 38/38 MP: 5/5
  2117 | D:2      | Found a hide-covered altar of Uskayaw.
  2120 | D:2      | Reached **** piety under Elyvilon
  3209 | D:3      | Reached skill level 5 in Unarmed Combat
  3606 | D:3      | Noticed Grinder
  3607 | D:3      | Reached ***** piety under Elyvilon
  3617 | D:3      | Killed Grinder
  3618 | D:3      | Reached XP level 5. HP: 45/45 MP: 7/7
  3618 | D:3      | Reached XP level 6. HP: 51/51 MP: 8/8
  4587 | D:4      | Found a blossoming altar of Fedhas.
  4617 | D:4      | Your scales start taking on a lurid green colour.
  4617 | D:4      | Reached XP level 7. HP: 25/57 MP: 8/10
  4617 | D:4      | Gained mutation: Your system is resistant to poisons.
                  | (rPois) [Green Draconian growth]
  4880 | D:4      | Found Qojups's Magic Scroll Emporium.
  4935 | D:4      | Bought a scroll of blinking for 82 gold pieces
  4935 | D:4      | Bought a scroll of teleportation for 33 gold pieces
  4935 | D:4      | Bought a scroll of magic mapping for 38 gold pieces
  5140 | D:4      | Found a white marble altar of Elyvilon.
  5142 | D:4      | Found a sacrificial altar of Ru.
  5453 | D:4      | Found a staircase to the Ecumenical Temple.
  5459 | Temple   | Entered the Ecumenical Temple
  5758 | D:5      | Entered Level 5 of the Dungeon
  5983 | D:5      | Found an opulent altar of Gozag.
  6746 | D:5      | Found a radiant altar of Vehumet.
  7148 | D:5      | Found a runed translucent gate.
  7148 | D:5      | Found a runed translucent gate.
  7148 | D:5      | Found a runed translucent gate.
  7148 | D:5      | Noticed buhh's ghost (novice OpTm)
  7310 | D:6      | Reached XP level 8. HP: 53/63 MP: 11/11
  7560 | D:6      | Reached skill level 5 in Invocations
  8308 | D:6      | Reached skill level 1 in Evocations
  8748 | D:6      | Found a burning altar of Makhleb.
  8927 | D:4      | Bought a scroll of brand weapon for 220 gold pieces
  8994 | D:7      | Found a snail-covered altar of Cheibriados.
  9067 | D:3      | Found a runed translucent door.
  9068 | D:3      | Noticed Crazy Yiuf
  9075 | D:3      | Killed Crazy Yiuf
  9183 | D:7      | Reached skill level 5 in Evocations
  9287 | D:7      | Reached XP level 9. HP: 61/70 MP: 13/13
  9427 | D:7      | Found Xaofiamea's Firing Range.
  9505 | D:7      | Reached skill level 1 in Shields
  9612 | D:7      | Found Yzxaita's Armour Shoppe.
  9686 | D:7      | Found a flagged portal.
  9695 | Bailey   | Entered a bailey
 10183 | Bailey   | Reached skill level 5 in Shields
 10927 | Bailey   | Reached XP level 10. HP: 74/77 MP: 14/14
 11776 | D:8      | Reached skill level 4 in Fighting
 11863 | D:8      | Reached skill level 5 in Fighting
 12552 | D:8      | Reached skill level 6 in Fighting
 12875 | D:8      | Reached skill level 7 in Fighting
 13022 | D:8      | Found an ancient bone altar of Kikubaaqudgha.
 13470 | D:9      | Reached skill level 10 in Unarmed Combat
 13518 | D:9      | Reached skill level 8 in Fighting
 13523 | D:9      | Noticed Maurice
 13575 | D:9      | Killed Maurice
 13636 | D:9      | Reached skill level 9 in Fighting
 14024 | D:9      | Found a shadowy altar of Dithmenos.
 14082 | D:9      | Reached skill level 10 in Fighting
 14087 | D:9      | Reached XP level 11. HP: 99/99 MP: 15/15
 14397 | D:10     | Entered Level 10 of the Dungeon
 14733 | D:10     | Reached skill level 11 in Fighting
 14771 | D:10     | Found a transporter.
 14773 | D:10     | Found a transporter.
 14799 | D:10     | Noticed Erica
 14812 | D:10     | Killed Erica
 15122 | D:10     | Found a bloodstained altar of Trog.
 15389 | D:10     | Found a transporter.
 15391 | D:10     | Found a transporter.
 15827 | D:11     | Noticed Josephine
 15827 | D:11     | Noticed a two-headed ogre
 15971 | D:11     | Found a staircase to the Orcish Mines.
 16012 | D:10     | Killed a two-headed ogre
 16013 | D:10     | Reached skill level 12 in Fighting
 16048 | D:11     | Noticed a death yak
 16048 | D:11     | Noticed a death yak
 16051 | D:11     | Noticed a death yak
 16080 | D:10     | Killed a death yak
 16437 | D:11     | Noticed a death yak
 16852 | D:11     | Noticed Snorg
 16852 | D:11     | Noticed a boulder beetle
 16858 | D:11     | Reached XP level 12. HP: 113/113 MP: 16/16
 16863 | D:11     | Killed a boulder beetle
 16864 | D:11     | Reached skill level 13 in Fighting
 16877 | D:11     | Killed Snorg
 17202 | D:11     | Killed Josephine
 17268 | D:11     | Reached XP level 13. HP: 59/123 MP: 12/17
 17484 | D:11     | Found a staircase to the Lair.
 17612 | D:10     | Reached skill level 14 in Fighting
 19392 | D:11     | Noticed Lodul
 19398 | D:11     | Killed Lodul
 19399 | D:11     | Reached skill level 15 in Fighting
 20173 | Lair:1   | Entered Level 1 of the Lair of Beasts
 20897 | Lair:1   | Reached skill level 15 in Unarmed Combat
 21405 | Lair:2   | Found a staircase to the Shoals.
 21851 | Lair:2   | Reached skill level 16 in Fighting
 23772 | Lair:3   | Gained mutation: Your tail ends in a venomous barb. [Green
                  | Draconian growth]
 23772 | Lair:3   | Reached XP level 14. HP: 102/137 MP: 19/21
 24493 | D:4      | Bought a scroll of fog for 22 gold pieces
 24498 | D:4      | Bought a scroll of identify for 22 gold pieces
 24498 | D:4      | Bought a scroll of identify for 22 gold pieces
 24498 | D:4      | Bought a scroll of identify for 22 gold pieces
 24501 | D:4      | Bought a scroll of enchant weapon for 82 gold pieces
 24501 | D:4      | Bought a scroll of vulnerability for 82 gold pieces
 24588 | D:5      | Killed buhh's ghost
 25182 | Lair:4   | Reached skill level 10 in Invocations
 25829 | Lair:4   | Identified a scroll of acquirement
 25844 | Lair:4   | Acquired the +5 hand crossbow "Soppiulo" {venom, rF+ Dex+4}
 25963 | Lair:4   | Found a staircase to the Snake Pit.
 27020 | Lair:5   | Reached ****** piety under Elyvilon
 27852 | Lair:6   | Entered Level 6 of the Lair of Beasts
 28868 | Lair:6   | Found a staircase to the Slime Pits.
 28868 | Lair:6   | Found a viscous altar of Jiyva.
 29944 | Lair:6   | Identified the +6 dagger of Bread {vorpal, rF+}
 30287 | Lair:6   | Reached skill level 15 in Invocations
 30449 | Lair:6   | Found a corrupted altar of Lugonu.
 30449 | Lair:6   | Found a one-way gate to the infinite horrors of the Abyss.
 30691 | D:11     | Upgraded the game from 0.29-a0-819-g94b489e0ae to
                  | 0.29-a0-824-gd827844252
 30693 | D:11     | Learned a level 1 spell: Beastly Appendage
 30697 | D:11     | Learned a level 3 spell: Spider Form
 30701 | D:11     | Learned a level 3 spell: Inner Flame
 31413 | D:12     | Reached XP level 15. HP: 145/145 MP: 24/26
 31495 | D:12     | Noticed Rupert
 31506 | D:12     | Paralysed by Rupert for 5 turns
 31507 | D:12     | Killed Rupert
 31713 | D:13     | Noticed Erolcha
 31722 | D:13     | Killed Erolcha
 32156 | D:13     | Noticed Kirke
 32178 | D:13     | Killed Kirke
 32179 | D:13     | Reached skill level 5 in Ranged Weapons
 32380 | D:13     | Found a gate to the Vaults.
 32744 | D:13     | You fall into a shaft and drop 2 floors!
 32744 | D:15     | Entered Level 15 of the Dungeon
 33932 | D:15     | Found a staircase to the Depths.
 34398 | D:15     | Reached skill level 17 in Fighting
 34666 | D:15     | Noticed Agnes
 34676 | D:15     | Killed Agnes
 35030 | D:14     | Reached skill level 18 in Fighting
 36472 | Temple   | Fell from the grace of Elyvilon
 36472 | Temple   | Became a worshipper of Zin the Law-Giver
 36472 | Temple   | Reached * piety under Zin
 36472 | Temple   | Reached ** piety under Zin
 36472 | Temple   | Reached *** piety under Zin
 36472 | Temple   | Reached **** piety under Zin
 36473 | Temple   | Donated 423 gold pieces to Zin
 36474 | Temple   | Donated 212 gold pieces to Zin
 36475 | Temple   | Donated 106 gold pieces to Zin
 36476 | Temple   | Donated 53 gold pieces to Zin
 36477 | Temple   | Donated 26 gold pieces to Zin
 36478 | Temple   | Donated 13 gold pieces to Zin
 36648 | Orc:1    | Entered Level 1 of the Orcish Mines
 36697 | Orc:1    | Reached ***** piety under Zin
 36758 | Orc:2    | Entered Level 2 of the Orcish Mines
 36771 | Orc:2    | Noticed Jorgrun
 36806 | Orc:2    | Killed Jorgrun
 36816 | Orc:2    | Found Ahesu's Antique Armour Boutique.
 36985 | Orc:2    | Found a staircase to the Elven Halls.
 37054 | Orc:2    | Reached skill level 19 in Fighting
 37356 | Orc:2    | Reached skill level 20 in Fighting
 37356 | Orc:2    | Noticed an orc warlord
 37855 | Orc:2    | Killed an orc warlord
 38505 | Orc:2    | Reached XP level 16. HP: 140/162 MP: 27/27
 38769 | Orc:2    | Found Lunlawee's Assorted Antiques.
 38769 | Orc:2    | Found Fofeasuu's Antique Armour Shop.
 38770 | Orc:2    | Found Ecosakiz's Distillery.
 38770 | Orc:2    | Found Koxili's Magic Scroll Shoppe.
 38794 | Orc:2    | Bought a potion of invisibility for 128 gold pieces
 38794 | Orc:2    | Bought a potion of heal wounds for 80 gold pieces
 38796 | Orc:2    | Bought a scroll of fear for 56 gold pieces
 38796 | Orc:2    | Bought a scroll of fear for 56 gold pieces
 38796 | Orc:2    | Bought a scroll of teleportation for 48 gold pieces
 38796 | Orc:2    | Bought a scroll of fog for 32 gold pieces
 38816 | Orc:2    | Found Uqyramp's Book Shop.
 38820 | Orc:2    | Found Unezurhu's Weapon Shoppe.
 39041 | D:14     | Reached skill level 10 in Dodging
 39174 | D:14     | Noticed Azrael
 39184 | D:14     | Killed Azrael
 40090 | D:15     | Learned a level 3 spell: Mephitic Cloud
 40246 | Snake:1  | Entered Level 1 of the Snake Pit
 40279 | Snake:1  | Reached skill level 1 in Poison Magic
 41439 | Snake:1  | Reached skill level 5 in Poison Magic
 41466 | Snake:1  | HP: 5/162 [shock serpent/bolt of electricity (23)]
 42446 | Snake:1  | Noticed zhov's ghost (adept DsHu)
 42449 | Snake:1  | Found a runed translucent door.
 42484 | Snake:1  | You fall into a shaft and drop 1 floor!
 42486 | Snake:2  | Found Laesaqau's Distillery.
 42546 | Snake:2  | Reached skill level 1 in Air Magic
 42585 | Snake:2  | HP: 1/162 [salamander tyrant (20)]
 42591 | Snake:2  | Shot with an arrow by a salamander

Illustrated notes

Levels and vault maps discovered:
D:1:      dpeg_arrival_rooms_b, layout_basic,
          shapermc_ecumenical_altar_mp_urbaneastern
D:2:      layout_basic, basic_altar, st_stairs_2, ebering_dispersal_statue_hall,
          minivault_24
D:3:      minmay_angry_zag, layout_loops_corners, nrook_loot_triangle,
          hangedman_decor_push, minmay_ruptured, uniq_crazy_yiuf_cottage,
          uniq_grinder
D:4:      cheibrodos_fertilizer, layout_basic,
          mainiacjoe_overflow_cross_hatched, jmf_multi_god_temple, temple_green,
          serial_shops, nicolae_shop_waterfront
D:5:      layout_gridville, grunt_gozag_breadcrumbs, lemuel_crystal_altar,
          ebering_ghost_rock_garden, dreamdust_princess_bridge,
          amcnicky_mini_corridor_feature
D:6:      layout_cave_pools, makhleb_blood_cavern_becter
D:7:      layout_cave_pods, kennysheep_slug_shrine, enter_bailey_2,
          serial_shops, shop, nicolae_shop_firing_range
D:8:      old_forge, layout_basic, lemuel_crystal_altar
D:9:      layout_loops_cross, grunt_dithmenos_smoke_and_mirrors,
          serial_aquarium, aquarium_bridge_square [aquarium_subvault_balcony,
          aquarium_subvault_balcony, aquarium_subvault_bridge,
          aquarium_subvault_bridge], aquarium_bridge_square
          [aquarium_subvault_bridge, aquarium_subvault_wall,
          aquarium_subvault_bridge, aquarium_subvault_wall],
          aquarium_window_corridor_1, aquarium_window_corner, aquarium_view_2c,
          uniq_maurice
D:10:     layout_stronghold, trog_three_pillars_becter, minmay_crystal_room,
          grunt_decor_fettered, nicolae_diode_quadrants, uniq_erica
D:11:     minmay_wavy_crystal, layout_gridville, dpeg_lair_monsters,
          zombieorc2_lemuel, uniq_snorg, uniq_lodul, uniq_josephine
D:12:     layout_cave_pools, uniq_rupert
D:13:     layout_irregular_city, david_vaults_5, uniq_kirke, uniq_erolcha
D:14:     layout_cave_pools, eino_curves_01, uniq_azrael
D:15:     grunt_enter_depths_snipers, layout_irregular_city,
          dreamdust_princess_corridor, uniq_agnes
Temple:   nicolae_temple_bog_church
Lair:1:   layout_layer_cave, nicolae_lair_lindhole, grunt_megastairs_1
Lair:2:   lemuel_ratsnest, layout_layer_cave, minmay_shoals_entry_lonely_mermaid
Lair:3:   layout_roguey, lemuel_fruit_fields, infiniplex_staircase_pool_2
Lair:4:   layout_cave_pods, guppyfry_snake_entry_garden, serial_bayou,
          serial_bayou_ford_a, serial_bayou_pond_e, serial_bayou_shore_a,
          serial_bayou_pond_d
Lair:5:   layout_long_grid, infiniplex_staircase_pool
Lair:6:   hellmonk_lair_end_abyssal_woods, layout_regular_city, slime_entry_1
Snake:1:  layout_gridlike, hellmonk_ghost_happy_afterlife, evilmike_ambush
          [evilmike_ambush_outer_corners, evilmike_ambush_inner_pond]
Snake:2:  layout_grid_shapes, nicolae_stop_n_shop_1, drop_trap
Orc:1:    layout_caves
Orc:2:    st_orc_ogre_mass, layout_caves, serial_shops, shop,
          nicolae_shop_statue_plus, shop, uniq_jorgrun

Skill      XL: |  1  2  3  4  5  6  7  8  9 10 11 12 13 14 15 16 |
---------------+-------------------------------------------------+-----
Unarmed Combat | 4 6 7 8 10 12 13 15 | 15.3
Invocations    | 1 3 4 5 9 15 | 15.3
Ranged Weapons | 3 7 |  7.5
Evocations     | 5 |  5.3
Shields        | 8 |  8.8
Fighting       | 10 12 13 16 20 | 20.0
Dodging        | 7 9 10 | 10.0
Poison Magic   | 7 |  7.0
Air Magic      | 2 |  2.2
Stealth        | |  1.7

Action                   |  1- 3 |  4- 6 |  7- 9 | 10-12 | 13-15 | 16-18 || total
-------------------------+-------+-------+-------+-------+-------+-------++-------
Melee: Unarmed           |   103 |   166 |   179 |   426 |   934 |   101 ||  1909
       Tailslap          |    12 |    18 |    32 |    76 |   191 |    19 ||   348
       Punch             |     2 |     2 |     7 |       |       |       ||    11
       Hand crossbow     |       |       |       |       |       |     1 ||     1
 Fire: Sling             |       |       |   171 |   195 |    61 |       ||   427
       Hand crossbow     |       |       |       |       |   476 |   126 ||   602
Throw: Dart              |       |    32 |    14 |    26 |   211 |     1 ||   284
       Boomerang         |       |     5 |     1 |       |       |       ||     6
       Stone             |       |       |     9 |    40 |       |       ||    49
 Cast: Mephitic Cloud    |       |       |       |       |       |     1 ||     1
Invok: Heal Other        |       |     1 |    20 |     9 |    18 |       ||    48
       Heal Self         |       |       |     2 |     4 |    23 |       ||    29
       Divine Vigour     |       |       |     1 |       |     2 |       ||     3
       Donate Gold       |       |       |       |       |     6 |       ||     6
       Recite            |       |       |       |       |     5 |     7 ||    12
       Vitalisation      |       |       |       |       |     4 |     6 ||    10
       Imprison          |       |       |       |       |     2 |     3 ||     5
       Sanctuary         |       |       |       |       |       |     2 ||     2
 Abil: Breathe Noxious F |       |       |    23 |    20 |    24 |     9 ||    76
Evoke: Wand              |       |       |    27 |    10 |    26 |    11 ||    74
  Use: Scroll            |     2 |     3 |     6 |    11 |    26 |    15 ||    63
       Potion            |       |     2 |       |     1 |     7 |    20 ||    30
 Stab: Sleeping          |     5 |     6 |       |     1 |       |       ||    12
       Invisible         |       |     2 |       |       |     3 |       ||     5
       Confused          |       |       |     1 |    15 |     9 |       ||    25
       Distracted        |       |       |       |       |     2 |       ||     2
       Fleeing           |       |       |       |       |       |     1 ||     1
Armor: Skin              |    28 |    67 |   147 |   234 |   431 |    69 ||   976
Dodge: Dodged            |    49 |   103 |   205 |   259 |   609 |   157 ||  1382
Block: Kite shield       |       |       |     9 |   340 |   779 |   171 ||  1299

Table legend: (Time is in decaauts)
 A = Elapsed time spent in this place.
 B = Non-inter-level travel time spent in this place.
 C = Inter-level travel time spent in this place.
 D = Time resting spent in this place.
 E = Time spent auto-exploring this place.
 F = Levels seen in this place.
 G = Mean time per level.
                   A        B        C        D        E       F      G
               +--------+--------+--------+--------+--------+-----+--------+
         Total |  42992 |  40565 |   2427 |  13582 |  18858 |  27 | 1592.3 |
       Dungeon |  26237 |  24350 |   1887 |   9034 |  10461 |  15 | 1749.1 |
        Temple |    226 |    183 |     43 |      0 |    169 |   1 |  226.0 |
          Lair |  10265 |   9831 |    434 |   1365 |   6716 |   6 | 1710.8 |
     Snake Pit |   2339 |   2339 |      0 |   1638 |    253 |   2 | 1169.5 |
  Orcish Mines |   2404 |   2343 |     61 |    751 |    959 |   2 | 1202.0 |
        Bailey |   1518 |   1518 |      0 |    791 |    299 |   1 | 1518.0 |
               +--------+--------+--------+--------+--------+-----+--------+

Top non-repeatable levels by time:
    D:10: 3736 daAuts
  Lair:6: 2764 daAuts
    D:15: 2728 daAuts
    D:11: 2367 daAuts
 Snake:1: 2234 daAuts
     D:4: 2057 daAuts
    D:13: 2050 daAuts
     D:3: 1928 daAuts
  Lair:2: 1856 daAuts
   Orc:2: 1853 daAuts
  Lair:4: 1839 daAuts
     D:6: 1632 daAuts
     D:9: 1564 daAuts
  Bailey: 1518 daAuts
     D:8: 1470 daAuts
